 Dungeon Crawl Stone Soup version 0.26-a0-642-g67e99244d3 (webtiles) character file.

Game seed: 8922649433147222638

574 DogServant the Shield-Bearer (level 7, -10/62 HPs)
             Began as a Minotaur Fighter on Sept 22, 2020.
             Mangled by a wight
             ... wielding a cursed +0 morningstar
              (12 damage)
             ... on level 6 of the Dungeon.
             The game lasted 00:05:27 (2303 turns).

DogServant the Shield-Bearer (Minotaur Fighter)     Turns: 2303, Time: 00:05:27

Health: -10/62     AC:  7    Str: 22    XL:     7   Next: 12%
Magic:  6/6        EV:  8    Int:  5    God:
Gold:   191        SH: 10    Dex: 10    Spells: 6/6 levels left

rFire    . . .     SeeInvis .   a - +0 war axe
rCold    . . .     Faith    .   c - +0 kite shield
rNeg     . . .     Spirit   .   b - +0 scale mail
rPois    .         Reflect  .   (helmet restricted)
rElec    .         Harm     .   (no cloak)
rCorr    .         Rampage  .   (no gloves)
MR       .....                  (no boots)
Stlth    ..........             (no amulet)
HPRegen  0.20/turn              n - ring of flight
MPRegen  0.10/turn              (no ring)

@: mighty, brilliant, marked
A: retaliatory headbutt, horns 2
a: Evoke Flight


You were on level 6 of the Dungeon.
You visited 1 branch of the dungeon, and saw 5 of its levels.

You collected 191 gold pieces.

Inventory:

Hand Weapons
 a - a +0 war axe (weapon)
 f - a +0 hunting sling
Armour
 b - a +0 scale mail (worn)
 c - a +0 kite shield (worn)
Jewellery
 n - a ring of flight (left hand)
Wands
 t - a wand of disintegration (13)
Scrolls
 e - 3 scrolls of amnesia
 h - a scroll of enchant weapon {unknown}
 j - 2 scrolls of immolation {unknown}
 k - 2 scrolls of magic mapping {unknown}
 l - 5 scrolls of identify {unknown}
 m - a scroll of noise {unknown}
 s - a scroll of teleportation {unknown}
Potions
 d - a potion of might
 g - a potion of brilliance
 i - 2 potions of curing {unknown}
 o - a potion of ambrosia {unknown}
 p - a potion of heal wounds {unknown}
 q - 2 potions of haste {unknown}
 r - a potion of experience {unknown}
 u - a potion of flight {unknown}


   Skills:
 + Level 5.7 Fighting
 + Level 5.1 Axes
 + Level 5.8 Armour
 + Level 5.8 Shields


You had 6 spell levels left.
You didn't know any spells.
Your spell library was empty.

Dungeon Overview and Level Annotations

Branches:
Dungeon (6/15)
 Temple: D:4-7

Altars:
Fedhas
The Shining One

Annotations:
D:3 exclusion: oklob plant
D:5 Edmund


Innate Abilities, Weirdness & Mutations

You reflexively headbutt those who attack you in melee.
You have a pair of horns on your head.


Message History

The centaur hits you but does no damage.
The orc hits you from afar with a +0 trident!
* * * LOW HITPOINT WARNING * * *
You block the centaur's attack.
A jackal comes into view.
You slash the centaur!
You kill the centaur!
Your Axes skill increases to level 5!
You have reached level 7!
The orc hits you but does no damage. You block the orc's attack.
You block the wight's attack.
The jackal moves out of view.
You slice the wight!!
You destroy the wight!
The orc hits you from afar with a +0 trident!
* * * LOW HITPOINT WARNING * * *
Unknown command.
It was a potion of brilliance.
You feel clever all of a sudden.
The wight hits you with a cursed +0 morningstar!
You die...

##..#.#...#.## #........
##....#...###.# ####..##.#
##....#.†...#.####...(.....
#....#.#..##.###....[###.#.
#...#.#..###.###.....##....
## #..#..##.#
#.....[).....<#.
.######.#..##..#
#####......##.#.
...........###.##.#
#.....(..... .#.....###.#
###@# ###.......##
.#.#.#.###.###)z## ##
###...### ...#.#.......ho##
#.# #...#
.###.###...###.h###.# #...#
.#.....#.#.# #†#.#..# #...#
.#######.#.# #.##.# # #...#
.≈≈≈≈≈≈≈...# #.##.#.# #...#
.#######...# #).....#
.#.....#...# ####.#.#


You could see a wight, an orc and a jackal.

Vanquished Creatures
  A sky beast (D:6)
  A centaur (D:6)
  A crocodile (D:6)
  4 wights (D:6)
  A quasit (D:6)
  An orc wizard (D:5)
  3 adders (D:3)
  2 dart slugs (D:1)
  A worm (D:2)
  2 leopard geckos
  5 orcs
  6 giant cockroaches
  4 goblins
  7 hobgoblins
  6 jackals (D:1)
  9 kobolds
  11 bats
  3 frilled lizards
  3 rats (D:1)
71 creatures vanquished.

Notes
Turn   | Place    | Note
-------+----------+-------------------------------------------
     0 | D:1      | DogServant the Minotaur Fighter began the quest for the
                  | Orb.
     0 | D:1      | Reached XP level 1. HP: 19/19 MP: 0/0
   237 | D:1      | Reached XP level 2. HP: 27/27 MP: 1/1
   513 | D:1      | Reached XP level 3. HP: 33/33 MP: 2/2
  1452 | D:3      | Reached XP level 4. HP: 37/40 MP: 3/3
  1663 | D:3      | Found a blossoming altar of Fedhas.
  1681 | D:3      | Noticed an oklob plant
  1759 | D:3      | You fall into a shaft and drop 3 floors!
  1762 | D:5      | Entered Level 5 of the Dungeon
  1765 | D:5      | Noticed Edmund
  1778 | D:6      | Reached XP level 5. HP: 16/47 MP: 4/4
  2001 | D:6      | Found a glowing golden altar of the Shining One.
  2144 | D:6      | Noticed a sky beast
  2151 | D:6      | Killed a sky beast
  2151 | D:6      | Reached skill level 5 in Fighting
  2151 | D:6      | Reached skill level 5 in Armour
  2151 | D:6      | Reached skill level 5 in Shields
  2256 | D:6      | Noticed a crocodile
  2265 | D:6      | Killed a crocodile
  2265 | D:6      | Reached XP level 6. HP: 23/56 MP: 5/5
  2301 | D:6      | Reached skill level 5 in Axes
  2301 | D:6      | Reached XP level 7. HP: 10/62 MP: 6/6
  2302 | D:6      | HP: 2/62 [orc/+0 trident (9)]
  2303 | D:6      | Mangled by a wight

Illustrated notes

Levels and vault maps discovered:
D:1:      psy_arrival_conway, layout_basic, hex_large, minmay_curled_crystal
D:2:      layout_loops_cross, minmay_unequal
D:3:      layout_basic, tgw_fedhas
D:5:      layout_cave_pods, kennysheep_mini_moat, minivault_5,
          lemuel_statue_altar, uniq_duvessa, uniq_edmund
D:6:      layout_loops_cross, old_standard_altar, st_stairs_13, grunt_decor_cap,
          hangedman_abyss_or_decor_slice

Skill      XL: |  1  2  3  4  5  6 |
---------------+-------------------+-----
Fighting       | 4 5 |  5.7
Armour         | 4 5 |  5.8
Shields        | 4 5 |  5.8
Axes           | 3 4 5 |  5.1

Action                   |  1- 3 |  4- 6 |  7- 9 || total
-------------------------+-------+-------+-------++-------
Melee: War axe           |   118 |    47 |     1 ||   166
       Headbutt          |    13 |     3 |       ||    16
Evoke: Wand              |       |     7 |       ||     7
  Use: Scroll            |     2 |       |       ||     2
       Potion            |       |     1 |     1 ||     2
Armor: Scale mail        |    88 |    45 |     1 ||   134
Dodge: Dodged            |    46 |    26 |       ||    72
Block: Kite shield       |    77 |    39 |     2 ||   118

Table legend: (Time is in decaauts)
 A = Elapsed time spent in this place.
 B = Non-inter-level travel time spent in this place.
 C = Inter-level travel time spent in this place.
 D = Time resting spent in this place.
 E = Time spent auto-exploring this place.
 F = Levels seen in this place.
 G = Mean time per level.
                   A        B        C        D        E       F      G
               +--------+--------+--------+--------+--------+-----+--------+
         Total |   2375 |   2322 |     53 |    310 |   1548 |   5 |  475.0 |
       Dungeon |   2375 |   2322 |     53 |    310 |   1548 |   5 |  475.0 |
               +--------+--------+--------+--------+--------+-----+--------+

Top non-repeatable levels by time:
     D:1: 777 daAuts
     D:2: 667 daAuts
     D:6: 550 daAuts
     D:3: 374 daAuts
     D:5: 6 daAuts
